Map: 16-Bit LE

Players

A.I. 1 (Very Hard) - Winner!

  • Race: Zerg Zerg
  • Spawn Location: 7:00

Lightning

  • Race: Terran Terran
  • Spawn Location: 1:00

VOD

Have the link to the VOD?

Description

Time

  • Played on: Aug. 27, 2022, 11:56 a.m.
  • Length: 6:07
Show
View Real Time Build Order
Export as new Build Order

A.I. 1 (Very Hard) Zerg - Winner!

Build Orders: Pool First 

Get SALT Encoding   

    0:00  Drone x2  
    0:08  Drone x2  
    0:27  Spawning Pool  
    0:49  Hatchery  
    0:50  Drone x2  
    0:55  Extractor  
    0:58  Overlord x2  
    0:59  Extractor  
    1:00  Drone x2  
    1:05  Drone x2  
    1:22  Queen x2  
    1:27  Zergling x4  
    1:32  Drone x2  
    1:37  Drone x2  
    1:54  Roach Warren  
    1:57  Drone x2  
    2:01  Zergling x4  
    2:04  Drone x2  
    2:20  Overlord x2  
    2:31  Lair  
    2:33  Roach x2  
    2:35  Roach x2  
    2:37  Zergling x4  
    2:40  Overlord x2, Drone x2  
    2:43  Drone x2  
    2:45  Drone x2  
    2:48  Roach x2  
    2:56  Overlord x2  
    3:04  Drone x2  
    3:06  Drone x2  
    3:12  Roach x2  
    3:26  Overlord x2  
    3:30  Infestation Pit  
    3:59  Drone x2  
    4:00  Drone x2  
    4:06  Infestor x2  
    4:07  Infestor x4, Roach x8  
    4:25  Infestor x2  
    4:43  Drone x2, Hatchery  
    4:45  Drone x6  
    4:46  Drone x4, Hydralisk Den  
    4:48  Extractor  
    4:50  Drone x2, Evolution Chamber  
    4:51  Spine Crawler  
    4:52  Spine Crawler, Drone x2  
    4:55  Extractor, Drone x2  
    4:57  Evolution Chamber  
    5:05  Spine Crawler  
    5:07  Drone x2  
    5:11  Drone x2  
    5:12  Spine Crawler  
    5:13  Drone x2  
    5:17  Hydralisk x4, Drone x2  
    5:37  Overseer  
    5:52  Spore Crawler, Drone x2  
    5:55  Spore Crawler  
    5:56  Spine Crawler  
Show
View Real Time Build Order
Export as new Build Order

Lightning Terran 

Build Orders:  

Get SALT Encoding   

    0:00  SCV x2  
    0:15  SCV x2  
    0:30  SCV x2  
    0:50  Supply Depot  
    0:53  Refinery  
    0:56  Refinery  
    1:07  Command Center  
    1:13  SCV x2  
    1:26  SCV x2  
    1:32  Barracks  
    1:38  SCV x2  
    1:50  SCV x2  
    2:02  SCV x2  
    2:14  SCV x2  
    2:26  SCV x2  
    2:34  Barracks Reactor  
    2:35  Supply Depot  
    2:46  Factory  
    3:13  Marine x4  
    3:20  Refinery  
    3:21  Orbital Command  
    3:23  SCV x2  
    3:41  Factory Tech Lab  
    3:46  Marine x2  
    3:54  Engineering Bay  
    4:01  Armory  
    4:06  SCV x2  
    4:07  Starport  
    4:09  Orbital Command  
    4:18  SCV x2  
    4:22  Refinery  
    4:30  SCV x2  
    4:42  SCV x2  
    5:01  Marine x4  
    5:05  Command Center  
    5:09  Starport Tech Lab  
    5:13  SCV x4  
    5:19  Marine x2  
    5:25  SCV x4  
    5:37  SCV x2  
Tags
 
Matchup
TvZ
Opening
Pool First
Spawn Locations
Cross Positions
Add a new tag
Caveats
  • Supply blocks, unpowered buildings, or Contaminate may cause inaccurate times.
  • Supply counts are checked every 10 seconds.